 Dungeon Crawl Stone Soup version 0.23.2-1-ga50397a (webtiles) character file.

Game seed: 8286303132044553838

148 doot the Digger (level 5, -11/36 HPs)
             Began as a Formicid Earth Elementalist on May 16, 2019.
             Mangled by a crocodile (18 damage)
             ... in a sewer.
             The game lasted 00:06:57 (2839 turns).

doot the Digger (Formicid Earth Elementalist)       Turns: 2839, Time: 00:06:57

Health: -11/36     AC:  2    Str: 16    XL:     5   Next: 56%
Magic:  0/10       EV: 12    Int: 16    God:
Gold:   129        SH:  0    Dex: 11    Spells: 2/11 levels left

rFire    . . .     SeeInvis +   b - +2 short sword (speed)
rCold    . . .     Gourm    .   (no shield)
rNeg     . . .     Faith    .   c - +0 robe
rPois    .         Spirit   .   (helmet unavailable)
rElec    .         Reflect  .   (no cloak)
rCorr    .         Harm     .   (no gloves)
MR       .....                  (no boots)
Stlth    +.........             (no amulet)
HPRegen  0.12/turn              i - +4 ring of strength
MPRegen  0.12/turn              (no ring)

@: very slow
A: permanent stasis, dig shafts and tunnels, four strong arms, antennae 3
a: Dig, Shaft Self


You were in a sewer.
You were hungry.

You visited 1 branch of the dungeon, and saw 3 of its levels.
You also visited: Sewer.

You collected 129 gold pieces.

Inventory:

Hand Weapons
 a - a +1 short sword of venom
 b - a +2 short sword of speed (weapon)
Missiles
 l - 29 stones (quivered)
Armour
 c - a +0 robe (worn)
Jewellery
 i - a +4 ring of strength (left hand)
Scrolls
 f - 3 scrolls of identify {unknown}
 g - 2 scrolls of blinking {unknown}
 k - 2 scrolls of teleportation {unknown}
 n - 2 scrolls of random uselessness {unknown}
Potions
 e - a potion of haste {unknown}
 h - 3 potions of flight {unknown}
 j - 2 potions of curing {unknown}
 m - 2 potions of lignification {unknown}
 o - a potion of heal wounds {unknown}
 p - 2 potions of degeneration {unknown}
 q - a potion of invisibility {unknown}
Comestibles
 d - 5 rations


   Skills:
 + Level 0.4 Fighting
 + Level 0.9 Short Blades
 + Level 1.9 Dodging
 + Level 2.8 Stealth
 + Level 3.9 Spellcasting
 + Level 0.2 Conjurations
   Level 1.1 Transmutations
 + Level 5.0 Earth Magic


You had 2 spell levels left.
You knew the following spells:

 Your Spells              Type           Power        Failure   Level  Hunger
a - Sandblast             Erth           ###...       2%          1    None
b - Stone Arrow           Conj/Erth      ##....       17%         3    ###....
c - Lee's Rapid Deconstr  Erth           ###.......   52%         5    ######.

Your spell library contained the following spells:

 Spells                   Type           Power        Failure   Level  Hunger
 Passwall                 Tmut/Erth      ##......     8%          2    ##.....
 Petrify                  Tmut/Erth      ##......     43%         4    ####...


Dungeon Overview and Level Annotations

Branches:
Dungeon (3/15)

Altars:


Innate Abilities, Weirdness & Mutations

You cannot be hasted, slowed, berserked, paralysed or teleported.
You can dig through walls and to a lower floor.
Your four strong arms can wield two-handed weapons with a shield.
You have a pair of large antennae on your head. (SInv)


Message History

Aim: a crocodile (almost dead)
The blast of sand misses the crocodile.
l - 30 stones The crocodile bites you.
The crocodile bites you!
* * * LOW HITPOINT WARNING * * *
You enter the shallow water.
Moving in this stuff is going to be slow.
The crocodile misses you.
Casting: Sandblast (safe; 2% risk of failure)
Confirm with . or Enter, or press ? or * to list all spells.
Aiming: Sandblast (safe; 2% risk of failure)
Press: ? - help, Shift-Dir - straight line, f/p - crocodile
Aim: a crocodile (almost dead)
The blast of sand hits the crocodile but does no damage.
The crocodile is almost dead.
l - 29 stones The crocodile bites you!!
Ouch! That really hurt!
You die...

#### ####..# #≈##..#
#≈##..# ########
#≈###.## ###.≈..≈.###
##≈##...#
###..≈....≈≈.###
#.≈.#...#
#$.##....≈####.t@≈.###
#.≈..)..# #≈≈≈..###
###.≈...###.≈..†..#
#..≈≈..##
##≈..≈≈≈..≈)#####
###..≈≈.
#...≈.###≈≈.....#
#$.##.... #.≈≈..###
#.≈...∩.# #? ###...
.≈≈≈.### #.≈.#.∩.# #
##.≈..≈.## ##≈##...#
###### #≈###### #≈#


You could see a crocodile.

Vanquished Creatures
  Jessica (D:2)
  Terence (D:2)
  Robin (D:2)
  An adder (D:3)
  3 worms
  A dart slug (D:1)
  A leopard gecko (D:1)
  5 orcs
  5 bats
  A giant cockroach (D:1)
  10 goblins
  4 hobgoblins
  2 jackals (Sewer)
  3 frilled lizards (D:2)
  15 kobolds
  8 rats
62 creatures vanquished.

Notes
Turn   | Place    | Note
-------+----------+-------------------------------------------
     0 | D:1      | doot the Formicid Earth Elementalist began the quest for
                  | the Orb.
     0 | D:1      | Reached XP level 1. HP: 13/13 MP: 3/3
   155 | D:1      | Reached XP level 2. HP: 14/19 MP: 0/5
   166 | D:1      | Reached skill level 4 in Earth Magic
   643 | D:1      | Reached XP level 3. HP: 22/24 MP: 4/6
   965 | D:1      | Learned a level 3 spell: Stone Arrow
   969 | D:2      | Noticed Terence
   984 | D:2      | Killed Terence
   984 | D:2      | Reached XP level 4. HP: 15/30 MP: 4/8
  1185 | D:2      | Noticed Robin
  1199 | D:2      | Killed Robin
  1446 | D:2      | Noticed Jessica
  1452 | D:2      | Killed Jessica
  1452 | D:2      | Reached XP level 5. HP: 32/35 MP: 8/10
  2615 | D:3      | Found a faded altar of an unknown god.
  2661 | D:3      | Found a glowing drain.
  2682 | D:3      | Reached skill level 5 in Earth Magic
  2692 | Sewer    | Entered a sewer
  2765 | Sewer    | Learned a level 5 spell: Lee's Rapid Deconstruction
  2821 | Sewer    | Noticed a crocodile
  2839 | Sewer    | Mangled by a crocodile

Skill      XL: |  1  2  3  4  5 |
---------------+----------------+-----
Earth Magic    | 4 5 |  5.0
Spellcasting   | 3 |  3.9
Fighting       | |  0.4
Short Blades   | |  0.9
Dodging        | |  1.9
Stealth        | |  2.8
Conjurations   | |  0.2
Transmutations | |  1.1

Action                   |  1- 3 |  4- 6 || total
-------------------------+-------+-------++-------
Melee: Unarmed           |     1 |       ||     1
       Short sword       |     5 |    68 ||    73
 Cast: Sandblast         |    33 |    29 ||    62
       Stone Arrow       |       |     3 ||     3
 Stab: Sleeping          |     1 |     4 ||     5
  Eat: Chunk             |       |     6 ||     6
Armor: Robe              |     4 |     8 ||    12
Dodge: Dodged            |    12 |    35 ||    47
